 Dungeon Crawl Stone Soup version 0.27.1-37-g7b29ead8ac (console) character file.

Game seed: 12527937151452248291

453720 grimtooth the Cryomancer (level 24, -20/191 (193) HPs)
             Began as a Barachi Summoner on Aug 19, 2023.
             Was the Champion of Dithmenos.
             Killed from afar by an iron dragon (57 damage)
             ... with a spray of metal splinters
             ... on level 5 of the Vaults on Aug 27, 2023.
             The game lasted 16:19:49 (117558 turns).

grimtooth the Cryomancer (Barachi Summoner)       Turns: 117558, Time: 16:19:52

HP:   -20/191 (193) AC: 17    Str: 15    XL:     24   Next: 2%
MP:   38/43         EV: 14    Int: 40    God:    Dithmenos [******]
Gold: 3061          SH: 12    Dex: 15    Spells: 3/56 levels left

rFire    + . .     SeeInvis .   b - +9 demon blade (freeze)
rCold    + . .     Faith    .   u - +0 kite shield {reflect}
rNeg     + + .     Spirit   .   T - +1 robe of the Game of Life {rElec Will+ Int+5}
rPois    +         Reflect  +   F - +2 hat {Int+3}
rElec    +         Harm     .   N - +2 cloak {rPois}
rCorr    .         Rampage  +   D - +3 pair of gloves "Tybopn" {+Inv rF+ Int+4}
Will     +++..                  x - +2 pair of boots {rampage}
Stlth    ++++++++..             M - amulet "Muliat" {Acrobat Contam rF+ rN++ Will+}
HPRegen  0.41/turn              n - ring of the Lily {Int+6 Dex+2, =R}
MPRegen  0.28/turn              U - ring "Hamy" {Ice Str+2}

@: unable to hop, wreathed by umbra, studying 3 skills, lightly drained, slow
A: amphibious, slowness 1, strong legs 2, +LOS, dopey 1
}: 3/15 runes: barnacled, silver, gossamer
a: Hop, Renounce Religion, Evoke Invisibility, Shadow Step, Shadow Form


You were on level 5 of the Vaults.
You worshipped Dithmenos.
Dithmenos was exalted by your worship.
You visited 9 branches of the dungeon, and saw 45 of its levels.
You also visited: Ossuary, Bailey and Ice Cave.

You collected 9654 gold pieces.
You spent 6593 gold pieces at shops.

Inventory:

Hand Weapons
 a - a +4 dagger of electrocution
 b - a +9 demon blade of freezing (weapon)
Missiles
 d - 11 curare-tipped darts
 o - 46 boomerangs (quivered)
 t - 7 throwing nets {=f}
 L - 6 atropa-tipped darts
Armour
 u - a +0 kite shield of reflection (worn)
 x - a +2 pair of boots of rampaging (worn)
 D - the +3 pair of gloves "Tybopn" (worn) {+Inv rF+ Int+4}
   (You found it on level 5 of the Depths)

   Int:       It affects your intelligence (+4).
   rF:        It protects you from fire.
   +Inv:      It lets you turn invisible.
 F - a +2 hat of intelligence (worn)
 N - a +2 cloak of poison resistance (worn)
 T - the +1 robe of the Game of Life (worn) {rElec Will+ Int+5}
   (You bought it in a shop on level 3 of the Elven Halls)

   Int:       It affects your intelligence (+5).
   rElec:     It insulates you from electricity.
   Will:      It increases your willpower.
Jewellery
 c - the ring of Accord {Wiz Dex+5}
   (You found it on level 1 of the Lair of Beasts)

   [ring of wizardry]

   It improves your spell success rate.
   Dex:       It affects your dexterity (+5).
 n - the ring of the Lily (left hand) {Int+6 Dex+2, =R}
   (You acquired it on level 12 of the Dungeon)

   [ring of intelligence]

   Int:       It affects your intelligence (+6).
   Dex:       It affects your dexterity (+2).
 B - a +6 ring of strength
 G - a ring of protection from cold
 H - the ring "Umuss" {Fly rC- rCorr MP+9 Dex+8}
   (You took it off a deep elf death mage on level 3 of the Elven Halls)

   [ring of magical power]

   Dex:       It affects your dexterity (+8).
   rC:        It makes you vulnerable to cold.
   MP:        It affects your magic capacity (+9).
   Fly:       It grants you flight.
   rCorr:     It protects you from acid and corrosion.
 M - the amulet "Muliat" (around neck) {Acrobat Contam rF+ rN++ Will+}
   (You acquired it on level 3 of the Dungeon)

   [amulet of the acrobat]

   It increases your evasion while moving and waiting.
   rF:        It protects you from fire.
   rN:        It greatly protects you from negative energy.
   Contam:    It causes magical contamination when unequipped.
   Will:      It increases your willpower.
 S - a +4 ring of slaying
 U - the ring "Hamy" (right hand) {Ice Str+2}
   (You took it off a deep elf high priest on level 3 of the Elven Halls)

   [ring of ice]

   It enhances your ice magic.
   Str:       It affects your strength (+2).
   rF:        It makes you vulnerable to fire.
   rC:        It protects you from cold.
 Z - a ring of see invisible
Wands
 h - a wand of flame (5)
 j - a wand of iceblast (19)
 q - a wand of charming (46)
 s - a wand of polymorph (45)
 C - a wand of paralysis (15)
 X - a wand of mindburst (11)
Scrolls
 i - 7 scrolls of fear
 y - 4 scrolls of vulnerability
 z - a scroll of enchant weapon
 A - 3 scrolls of silence
 I - 5 scrolls of fog
 O - a scroll of holy word
 P - a scroll of summoning
 R - 8 scrolls of teleportation
 V - a scroll of enchant armour
Potions
 e - a potion of might
 g - 5 potions of curing
 m - 6 potions of brilliance
 p - 5 potions of resistance
 w - 9 potions of haste
 E - 2 potions of flight
 J - 8 potions of magic
 K - 4 potions of cancellation
Miscellaneous
 f - a condenser vane
 l - a phantom mirror
 v - a phial of floods


   Skills:
 * Level 16.5 Fighting
 - Level 4.8(8.4) Short Blades
 - Level 11.5(12.0) Long Blades
 - Level 9.0 Armour
 - Level 6.0 Dodging
 - Level 9.0 Stealth
 - Level 12.0 Shields
 + Level 16.5 Spellcasting
 - Level 15.0 Hexes
 - Level 20.0 Summonings
 - Level 9.0 Translocations
 - Level 21.0 Ice Magic
 - Level 6.0 Air Magic
 - Level 9.0 Invocations
 - Level 9.0 Evocations


You had 3 spell levels left.
You knew the following spells:

 Your Spells              Type           Power      Damage    Failure   Level
a - Ozocubu's Refrigerat  Ice            70%        4d19      1%          7
b - Frozen Ramparts       Ice            100%       1d12      0%          3
k - Blink                 Tloc           N/A        N/A       1%          2
o - Ozocubu's Armour      Ice            100%       N/A       0%          3
s - Swiftness             Air            69%        N/A       1%          3
v - Invisibility          Hex            50%        N/A       1%          6
G - Malign Gateway        Summ/Tloc      49%        N/A       3%          7
H - Summon Horrible Thin  Summ           57%        N/A       2%          8
P - Polar Vortex          Ice            70%        N/A       24%         9
V - Summon Mana Viper     Hex/Summ       100%       N/A       1%          5

Your spell library contained the following spells:

 Spells                   Type           Power      Damage    Failure   Level
 Corona                   Hex            100%       N/A       0%          1
 Freeze                   Ice            100%       1d11      0%          1
 Summon Small Mammal      Summ           100%       N/A       0%          1
 Call Imp                 Summ           100%       N/A       0%          2
 Ensorcelled Hibernation  Hex/Ice        100%       N/A       0%          2
 Slow                     Hex            100%       N/A       0%          2
 Call Canine Familiar     Summ           100%       N/A       0%          3
 Confusing Touch          Hex            100%       N/A       0%          3
 Summon Guardian Golem    Hex/Summ       100%       N/A       0%          3
 Tukima's Dance           Hex            100%       N/A       0%          3
 Animate Skeleton         Necr           66%        N/A       1%          1
 Apportation              Tloc           100%       N/A       1%          1
 Magic Dart               Conj           100%       1d8       1%          1
 Pain                     Necr           100%       1d9       1%          1
 Sandblast                Erth           66%        2d15      1%          1
 Shock                    Conj/Air       100%       1d9       1%          1
 Sting                    Tmut/Pois      100%       1d8       1%          1
 Passwall                 Tmut/Erth      27%        N/A       1%          2
 Poisonous Vapours        Pois/Air       100%       N/A       1%          2
 Static Discharge         Conj/Air       54%        N/A       1%          2
 Sublimation of Blood     Necr           16%        N/A       1%          2
 Dazzling Flash           Conj/Hex       100%       N/A       1%          3
 Inner Flame              Hex/Fire       75%        N/A       1%          3
 Lesser Beckoning         Tloc           40%        N/A       1%          3
 Spider Form              Tmut/Pois      16%        N/A       4%          3
 Vampiric Draining        Necr           16%        2d8       4%          3
 Summon Ice Beast         Ice/Summ       100%       N/A       0%          4
 Animate Armour           Summ/Erth      100%       N/A       1%          4
 Hailstorm                Conj/Ice       100%       3d20      1%          4
 Ice Form                 Ice/Tmut       100%       N/A       1%          4
 Iskenderun's Mystic Bla  Conj/Tloc      62%        2d13      1%          4
 Leda's Liquefaction      Hex/Erth       37%        N/A       1%          4
 Passage of Golubria      Tloc           N/A        N/A       1%          4
 Summon Lightning Spire   Summ/Air       95%        N/A       1%          4
 Freezing Cloud           Conj/Ice/Air   51%        6-21      1%          5
 Manifold Assault         Tloc           81%        N/A       1%          5
 Summon Forest            Summ/Tloc      49%        N/A       1%          5
 Yara's Violent Unravell  Hex/Tmut       37%        3d15      1%          5
 Shadow Creatures         Summ           N/A        N/A       1%          6
 Monstrous Menagerie      Summ           57%        N/A       1%          7
 Summon Hydra             Summ           57%        N/A       1%          7
 Simulacrum               Ice/Necr       54%        N/A       2%          6
 Dispersal                Tloc           40%        N/A       4%          6
 Lightning Bolt           Conj/Air       27%        1d43      11%         5
 Dispel Undead            Necr           33%        3d14      13%         4
 Olgreb's Toxic Radiance  Pois           33%        N/A       13%         4
 Petrify                  Tmut/Erth      33%        N/A       13%         4
 Spellforged Servitor     Conj/Summ      42%        N/A       19%         7
 Alistair's Intoxication  Tmut/Pois      22%        N/A       36%         5
 Blade Hands              Tmut           16%        N/A       36%         5
 Borgnjor's Vile Clutch   Necr/Erth      16%        N/A       36%         5
 Fireball                 Conj/Fire      16%        3d8       36%         5
 Iskenderun's Battlesphe  Conj           33%        2d9       36%         5
 Lee's Rapid Deconstruct  Erth           16%        3d11*     36%         5
 Eringya's Noxious Bog    Tmut/Pois      16%        N/A       90%         6
 Iron Shot                Conj/Erth      16%        9d4       90%         6
 Starburst                Conj/Fire      16%        6d6       90%         6
 Statue Form              Tmut/Erth      22%        N/A       90%         6
 Disjunction              Tloc           40%        N/A       91%         8
 Storm Form               Tmut/Air       27%        N/A       97%         7
 Borgnjor's Revivificati  Necr           16%        N/A       100%        8
 Maxwell's Capacitive Co  Air            34%        ∞         100%        8
 Necromutation            Tmut/Necr      16%        N/A       100%        8
 Chain Lightning          Conj/Air       27%        3d36      100%        9
 Death's Door             Necr           16%        N/A       100%        9


Dungeon Overview and Level Annotations

Branches:
Dungeon (15/15)            Temple (1/1) D:5            Lair (6/6) D:11
 Shoals (4/4) Lair:3       Spider (4/4) Lair:4        Slime (0/5) Lair:5
    Orc (2/2) D:12            Elf (3/3) Orc:2        Vaults (5/5) D:13
  Crypt (0/3) Vaults:2     Depths (5/5) D:15            Zot (0/5) Depths:5
Ossuary (visited)          Bailey (visited)           IceCv (visited)

Altars:
Ashenzari
Cheibriados
Dithmenos
Elyvilon
Fedhas
Gozag
Hepliaklqana
Kikubaaqudgha
Makhleb
Nemelex Xobeh
Okawaru
Qazlal
Ru
Sif Muna
Trog
Uskayaw
Vehumet
Wu Jian
Xom
Yredelemnul
Zin
The Shining One

Shops:
D:2 (   D:3 **(:   D:12 =   Orc:2 ***?=   Elf:1 :   Elf:2 *   Elf:3 [?!=*
Shoals:3 [:   Vaults:4 [

Portals:
Hell: Depths:1 Depths:2 Depths:3 Depths:4 Depths:5
Abyss: Depths:3 Depths:4
Pandemonium: Depths:1 Depths:3
Ziggurat: Depths:5
Trove: D:11 (give +4 demon whip)

Annotations:
D:4 1 runed translucent door, cbfl8's ghost, amateur MiMo
Shoals:1 exclusion: kraken
Shoals:4 exclusion: kraken, Polyphemus
Spider:2 exclusion: wolf spider, Louise
Elf:1 6 runed translucent doors, Roxanne
Elf:2 2 runed translucent doors
Vaults:2 1 runed translucent door, Monur's ghost, adept GrHu
Vaults:4 36 runed doors
Depths:1 2 transporters


Innate Abilities, Weirdness & Mutations

You are amphibious.
You cover ground slowly.
You can hop long distances.
You have an extended range of vision and can be seen from far away.
You are dopey. (Int -2)


Message History

The ironbound convoker looks frightened!
The shadow dragon looks frightened!
The ironbound preserver looks frightened!
The iron dragon resists with almost no effort.
The anaconda looks frightened!
The wall freezes the anaconda.
Your attack snaps the anaconda out of its fear.
The iron dragon bites you but does no damage.
You block the iron dragon's attack.
The iron dragon tramples you but does no damage.
The wall freezes the anaconda but does no damage.
The anaconda grabs you. The anaconda bites you!
* * * LOW HITPOINT WARNING * * *
The anaconda constricts you.
The wall freezes the ironbound preserver.
Your attack snaps the ironbound preserver out of its fear.
Your icy armour and frozen ramparts will break if you move.
Continue?
Okay, then.
Your icy armour and frozen ramparts will break if you move.
Continue?
The anaconda's grasp on you weakens, but your attempt to escape fails.
The wall freezes the anaconda.
The anaconda bites you but does no damage.
The anaconda constricts you.
The iron dragon bites you but does no damage.
The iron dragon claws you!
* * * LOW HITPOINT WARNING * * *
The iron dragon closely misses you.
The wall freezes the ironbound preserver!
Okay, then.
Your icy armour and frozen ramparts will break if you move.
Continue?
Hop to where?
Press: ? - help, Dir - move target Your icy armour and frozen ramparts will break if you move.
Continue?
You escape the anaconda's grasp.
Your icy armour cracks and falls away as you move.
The frozen ramparts melt away as you move.
A shadow dragon and a great orb of eyes come into view.
Boing!
The iron dragon breathes metal splinters at you.
The spray of metal splinters hits you!!!
You die...

,,,,,,,,,#..#....#,*,*,Dp#§#.#,*,
,,,,,,,,,#..#....#,#,*.#W#,O.*,*,
***#######..#....#.#,.,#.#.#.*,*,
,,,.........#....#.#.#,#...#..,*,
,,,...........§..#.#.#,#.#.#,#}*,
,,,........§§§§[.....#,#.#,#,*.#,
***########§§§§[[..#######*******
,,,......§§§D§§<)[.......,,,,,,,,
,,,......§§§S§[.<........,,,,,,,,
,,,......§§§[(<<[.....$..,,,,,,,,
,,,.......§§...[@....p...,,,,,,,,
###########......)..#####********
........................,,,,,,,,,
...##....##.#......D##.G.,,,,,,,,
...###.!###.#....#.##**#.,,,,,,,,
##..#####*..#...D#.#* *,***,,,,,
.#..}# *[..#....#..****+******,,
}#..)# #...#....#...,+,,,,*****,
##..######..#....#,..**,,,,,,,***
.[.###.)###.#,,,.#,,,***,,,,,,,**
##[##....##.#,,,,*,,,,***,,,,,,,,


You could see 2 shadow dragons, an iron dragon (catching breath), a great orb of
eyes (wandering), an anaconda and an ironbound convoker (fleeing).

Vanquished Creatures
  Sojobo (Vaults:3)
  A golden dragon (Vaults:5)
  2 tentacled monstrosities
  2 titans (Vaults:5)
  A deep elf blademaster (Elf:3)
  2 liches
  A deep elf master archer (Elf:3)
  3 quicksilver dragons
  5 tengu reavers
  A sphinx (Shoals:4)
  3 storm dragons
  A fenstrider witch (Depths:5)
  Donald (Spider:2)
  5 frost giants
  10 fire giants
  An orc warlord (Orc:1)
  4 deep elf sorcerers
  3 ghost moths
  2 vault wardens
  2 emperor scorpions
  A cacodemon (Depths:3)
  An iron dragon (Depths:3)
  9 ironbound preservers
  A deep elf elementalist (Elf:3)
  18 stone giants
  19 very ugly things
  A spriggan defender (Depths:5)
  A war gargoyle (Vaults:3)
  A juggernaut skeleton (Depths:1)
  2 green draconians (Depths:5)
  3 vampire knights
  8 deep elf demonologists
  2 black draconians (Depths:5)
  2 deep elf annihilators
  2 dire elephants
  A yellow draconian (Depths:5)
  3 entropy weavers
  A white draconian (Depths:5)
  2 red draconians (Depths:5)
  A spark wasp (Spider:4)
  2 minotaurs (Shoals:4)
  A crystal guardian (Vaults:3)
  4 deep elf death magi (Elf:3)
  8 ettins
  11 fire dragons
  4 merfolk impalers
  6 great orbs of eyes
  Josephine (D:10)
  6 deep elf high priests
  37 vault guards
  7 yaktaur captains
  8 ironbound thunderhulks
  6 hydras
  2 rakshasas
  5 boulder beetles
  A peacekeeper (Vaults:4)
  6 ice dragons
  A merfolk avatar (Shoals:3)
  7 centaur warriors
  A two-headed ogre (D:12)
  5 ironbound frosthearts
  2 catoblepae
  A merfolk aquamancer (Shoals:4)
  3 spriggan air magi
  6 death yaks
  14 dancing weapons
  4 deep troll shamans
  5 satyrs (Shoals:4)
  A titan zombie (Vaults:3)
  3 deep troll earth magi
  5 tengu warriors
  5 spriggan berserkers
  3 ironbound beastmasters
  5 orc high priests
  A nameless horror (Depths:2)
  A sun demon (Depths:3)
  Nergalle (D:11)
  An iron troll (Depths:2)
  12 deep elf knights
  A torturous demonspawn (Depths:3)
  A sixfirhy (Depths:3)
  17 deep trolls
  2 flayed ghosts (Depths:3)
  An orange crystal statue (Elf:2)
  4 glowing orange brains
  3 phantasmal warriors
  5 sea snakes
  9 ironbound convokers
  5 lindwurms
  5 necromancers
  Pikel (D:4)
  2 spectral wolf spiders (Spider:2)
  2 tengu zombies
  11 deep elf archers
  5 wizards
  24 wolf spiders
  18 deep elf zephyrmancers
  13 orb spiders
  2 orc knights
  2 wolf spider zombies (Spider:2)
  16 deep elf pyromancers
  2 oklob plants (Lair:1)
  8 manticores
  2 orc sorcerers
  24 harpies
  A tengu skeleton (Depths:4)
  3 moths of wrath
  6 fauns
  44 ugly things
  29 slime creatures
  A wolf spider (shapeshifter) (Depths:2)
  5 elephants
  A sphinx skeleton (Vaults:3)
  3 merfolk sirens
  7 cyclopes
  4 black mambas
  6 vault sentinels
  Joseph (D:7)
  A torpor snail (Spider:2)
  A smoke demon (Depths:3)
  A guardian serpent (shapeshifter) (D:15)
  5 cane toads
  A water nymph (Shoals:3)
  3 gargoyles
  An eye of devastation (shapeshifter) (Vaults:5)
  A kobold demonologist (D:11)
  6 komodo dragons
  A rime drake (Lair:6)
  An unseen horror (D:12)
  8 demonic crawlers
  An unseen horror (shapeshifter) (D:12)
  2 human zombies (Vaults:3)
  2 freezing wraiths
  13 yaktaurs
  An entropy weaver simulacrum (IceCv)
  4 tengu conjurers
  2 hellwings (Depths:3)
  19 merfolk
  A yaktaur skeleton (Vaults:3)
  5 wind drakes
  4 trolls
  A polar bear (shapeshifter) (Elf:1)
  26 jumping spiders
  17 hornets
  A troll (shapeshifter) (D:14)
  3 wolf spider simulacra (Spider:2)
  12 blink frogs
  A human simulacrum (Vaults:3)
  3 snapping turtles
  A fire dragon skeleton (Depths:1)
  A vampire (D:12)
  2 wraiths (D:10)
  48 redbacks
  A spriggan (Depths:5)
  A basilisk (D:13)
  4 water elementals
  33 yaks
  A fire bat (D:11)
  5 wyverns
  20 tarantellas
  6 hogs (Spider:3)
  3 steam dragons
  A chaos spawn (Depths:3)
  6 vampire mosquitoes
  2 death yak simulacra (IceCv)
  7 fire elementals
  A warg (Elf:1)
  An acid dragon (D:12)
  A harpy simulacrum (IceCv)
  9 water moccasins
  3 hell hounds (Spider:3)
  Duvessa (D:7)
  2 black bears
  A sky beast (D:6)
  22 orc warriors
  27 wolves
  11 centaurs
  2 ogres
  A lemure (D:4)
  3 kobold brigands
  7 bullfrogs
  4 scorpions
  2 water moccasin zombies (Ossuary)
  A glowing shapeshifter simulacrum (Depths:1)
  9 killer bees
  8 electric eels
  7 howler monkeys
  2 centaur zombies
  A lava snake (Lair:1)
  2 hounds (D:11)
  7 jellies
  A bullfrog skeleton (D:6)
  2 gnoll shamans (D:9)
  17 orc priests
  17 orc wizards
  An iguana (D:5)
  A polar bear simulacrum (IceCv)
  A wolf simulacrum (IceCv)
  Robin (D:4)
  A howler monkey skeleton (D:7)
  15 gnolls
  An adder (D:6)
  A white imp (D:8)
  An adder zombie (Ossuary)
  A dart slug (D:3)
  62 orcs
  4 bats
  4 endoplasms
  A giant cockroach (D:3)
  A gnoll zombie (Ossuary)
  6 hobgoblins
  2 quokkas (D:4)
  5 ball pythons
  3 frilled lizards
  12 goblins
  A hobgoblin zombie (Ossuary)
  11 kobolds
  A kobold zombie (Ossuary)
  4 rats
1231 creatures vanquished.

Vanquished Creatures (collateral kills)
  A juggernaut (Depths:5)
  3 golden dragons
  Nikola (Shoals:1)
  3 liches
  2 tentacled monstrosities (Depths:3)
  2 titans (Vaults:5)
  3 deep elf blademasters (Elf:3)
  A quicksilver dragon (Depths:2)
  A sphinx (Vaults:3)
  Gastronok (D:8)
  Kirke (Spider:3)
  3 tengu reavers
  2 shadow dragons (Depths:5)
  2 fire giants
  2 deep elf sorcerers
  3 frost giants
  A ghost moth (Spider:2)
  10 vault wardens
  6 emperor scorpions
  2 deep elf elementalists (Elf:3)
  A spriggan defender (Depths:4)
  A war gargoyle (Vaults:5)
  4 stone giants
  4 ironbound preservers
  6 very ugly things
  A vampire knight (Depths:4)
  A purple draconian (Depths:5)
  Azrael (Spider:3)
  2 dire elephants (Vaults:2)
  3 deep elf demonologists (Elf:3)
  5 deep elf annihilators (Elf:3)
  2 entropy weavers
  2 spark wasps (Spider:1)
  A minotaur (Shoals:4)
  Snorg (D:13)
  A crystal guardian (Vaults:4)
  A deep elf death mage (Vaults:1)
  An ironbound thunderhulk (Vaults:4)
  A deep elf high priest (Elf:3)
  3 ettins
  A merfolk impaler (Shoals:2)
  4 yaktaur captains
  Fannar (D:10)
  7 ice dragons
  A great orb of eyes (Depths:2)
  2 boulder beetles
  A fire dragon (Depths:1)
  8 vault guards
  A centaur warrior (D:14)
  A spriggan air mage (Depths:2)
  A hydra (Lair:2)
  4 ironbound frosthearts
  A peacekeeper (Vaults:3)
  A catoblepas (D:13)
  An ogre mage (Vaults:5)
  5 satyrs (Shoals:4)
  2 death knights (D:14)
  A death yak (Shoals:4)
  A deep troll earth mage (Depths:3)
  A vampire mage (Depths:2)
  A dancing weapon (Elf:1)
  A spriggan berserker (Depths:2)
  An orc high priest (Orc:2)
  An ironbound beastmaster (Vaults:2)
  2 iron trolls
  A skeletal warrior (D:14)
  A fire crab (D:10)
  2 nameless horrors
  A glowing orange brain (Depths:5)
  3 sea snakes
  A gelid demonspawn (Depths:3)
  2 necromancers
  3 deep elf archers (Elf:1)
  2 phantasmal warriors
  6 wizards
  An orc knight (Bailey)
  A golden dragon skeleton (Depths:4)
  6 ironbound convokers
  4 spectral wolf spiders (Spider:2)
  2 deep elf zephyrmancers
  9 orb spiders
  4 deep elf pyromancers
  9 harpies
  10 wolf spiders
  A harpy (shapeshifter) (Depths:4)
  2 wolf spider zombies (Spider:2)
  4 fauns
  13 ugly things
  A human zombie (Vaults:3)
  4 cyclopes
  7 elephants
  4 manticores
  3 merfolk sirens
  A water nymph (Shoals:2)
  A water nymph (shapeshifter) (Vaults:5)
  An elf zombie (Depths:4)
  A black mamba (Lair:2)
  8 vault sentinels
  A gargoyle (D:12)
  A cane toad (Lair:6)
  6 freezing wraiths
  8 demonic crawlers
  An anaconda simulacrum (IceCv)
  A komodo dragon (Lair:2)
  7 yaktaurs
  An efreet (D:14)
  An entropy weaver simulacrum (IceCv)
  9 ice devils (IceCv)
  A tengu conjurer (Depths:2)
  A polar bear (Lair:4)
  13 jumping spiders
  2 trolls
  4 merfolk
  A wolf spider simulacrum (Spider:2)
  Prince Ribbit (D:7)
  4 dream sheep
  2 snapping turtles
  5 hornets
  3 slime creatures (D:14)
  A water elemental (Shoals:2)
  2 spriggans (Depths:3)
  7 redbacks
  A shadow (D:12)
  5 wraiths
  A wyvern (Lair:4)
  15 yaks
  6 tarantellas
  A hog (Spider:3)
  A fire elemental (Elf:3)
  A vampire mosquito (D:13)
  2 death yak simulacra (IceCv)
  2 wargs (Orc:1)
  3 water moccasins
  2 hell hounds (Spider:3)
  6 orc warriors
  4 black bears
  An ice beast (D:8)
  3 sky beasts
  A necrophage (D:4)
  4 wolves
  3 ogres
  3 lemures (D:4)
  5 centaurs
  2 phantoms (D:6)
  A kobold brigand (D:10)
  2 bullfrogs
  A wyvern zombie (D:7)
  5 cane toad simulacra (IceCv)
  A scorpion (Spider:3)
  5 water moccasin zombies (Ossuary)
  Dowan (D:7)
  A hornet simulacrum (D:14)
  2 water moccasin skeletons
  3 killer bees
  2 elephant simulacra (IceCv)
  A howler monkey (D:6)
  2 electric eels
  4 centaur zombies
  2 gnoll shamans
  A hound (D:11)
  A jelly (D:5)
  A centaur skeleton (D:7)
  5 orc priests
  An iguana (D:5)
  A scorpion zombie (D:5)
  5 orc wizards
  A polar bear simulacrum (IceCv)
  3 wolf simulacra (IceCv)
  2 mummies (Ossuary)
  2 adders (D:3)
  12 gnolls
  3 naga simulacra (IceCv)
  2 white imps (IceCv)
  2 ufetubi
  3 adder zombies (Ossuary)
  4 dart slugs
  29 orcs
  A ball python (D:1)
  3 endoplasms
  A giant cockroach (D:1)
  2 goblins
  2 hobgoblins (D:1)
  17 kobolds
  4 quokkas
  A frilled lizard (D:1)
  5 gnoll zombies (Ossuary)
  6 hobgoblin zombies (Ossuary)
  4 kobold zombies (Ossuary)
  5 orc zombies (Ossuary)
  A rat (D:3)
580 creatures vanquished.

Vanquished Creatures (others)
  3 eldritch tentacles
  A ghost moth (Spider:4)
  2 very ugly things (Vaults:1)
  A spriggan defender (Depths:3)
  2 merfolk impalers (Shoals:2)
  2 hydras
  A death yak (Shoals:4)
  A satyr (Shoals:2)
  A deep elf knight (Elf:1)
  A harpy (Shoals:1)
  A deep elf zephyrmancer (Elf:2)
  An ironbound convoker (Vaults:3)
  An ugly thing (Vaults:3)
  A deep elf pyromancer (Elf:1)
  2 wolf spiders
  A faun (Shoals:4)
  A manticore (Shoals:1)
  An elephant (Lair:6)
  2 ice devils (IceCv)
  A yaktaur (Vaults:1)
  2 freezing wraiths
  A troll (D:10)
  A merfolk (Shoals:2)
  A hornet (Spider:2)
  A snapping turtle (Shoals:2)
  A stone giant simulacrum (Vaults:3)
  2 wraiths
  A redback (Spider:4)
  A yak (Lair:6)
  A wyvern (Lair:6)
  A water moccasin (Lair:6)
  3 orc warriors
  A wolf (Lair:6)
  A bullfrog (Lair:1)
  A cane toad simulacrum (IceCv)
  An elephant simulacrum (IceCv)
  A killer bee (D:8)
  An orc priest (Orc:2)
  A wolf simulacrum (IceCv)
  2 kobolds (D:10)
  A bush (D:7)
  20 fungi
  133 plants
  2 withered plants (Vaults:2)
208 creatures vanquished.

Grand Total: 2019 creatures vanquished

Notes
Turn   | Place    | Note
-------+----------+-------------------------------------------
     0 | D:1      | grimtooth the Barachi Summoner began the quest for the Orb.
     0 | D:1      | Reached XP level 1. HP: 13/13 MP: 3/3
   218 | D:1      | Reached skill level 5 in Summonings
   423 | D:1      | Found a faded altar of an unknown god.
   521 | D:1      | Reached XP level 2. HP: 19/19 MP: 0/5
  1576 | D:1      | Learned a level 2 spell: Call Imp
  1800 | D:2      | Found Uciar's Antique Weapon Shop.
  1983 | D:2      | Reached XP level 3. HP: 24/24 MP: 5/7
  2740 | D:2      | Learned a level 3 spell: Call Canine Familiar
  2742 | D:2      | Learned a level 1 spell: Freeze
  2761 | D:3      | Found Zoleoc's Assorted Antiques.
  3114 | D:3      | Found Veipp's Assorted Antiques.
  3537 | D:3      | Reached XP level 4. HP: 30/30 MP: 0/8
  3693 | D:3      | Found Keyrus's Weapon Emporium.
  3942 | D:3      | Found Mofy's Book Emporium.
  3988 | D:3      | Found a hazy altar of Hepliaklqana.
  4086 | D:3      | Bought a scroll labelled SEGRAU QOLIDGH for 18 gold pieces
  4110 | D:3      | Bought a green potion for 22 gold pieces
  4363 | D:4      | Noticed Pikel
  4363 | D:4      | Noticed a lemure
  4363 | D:4      | Noticed a lemure
  4363 | D:4      | Noticed a lemure
  4363 | D:4      | Noticed a lemure
  4396 | D:4      | Killed a lemure
  4402 | D:4      | Killed a lemure
  4530 | D:4      | Noticed Grinder
  4661 | D:5      | Entered Level 5 of the Dungeon
  4743 | D:5      | Found a sand-covered staircase.
  4790 | Ossuary  | Entered an ossuary
  4823 | Ossuary  | Reached XP level 5. HP: 10/35 MP: 1/10
  5108 | Ossuary  | Reached XP level 6. HP: 22/41 MP: 7/11
  5782 | Ossuary  | Reached skill level 1 in Ice Magic
  6007 | D:5      | Reached XP level 7. HP: 44/46 MP: 2/13
  6218 | D:5      | Found a blossoming altar of Fedhas.
  6242 | D:5      | Reached skill level 2 in Ice Magic
  6593 | D:5      | Found a staircase to the Ecumenical Temple.
  6599 | Temple   | Entered the Ecumenical Temple
  6628 | Temple   | Became a worshipper of Dithmenos the Shadowed
  6801 | D:5      | Reached skill level 3 in Ice Magic
  6948 | D:4      | Noticed Robin
  7033 | D:4      | Reached * piety under Dithmenos
  7043 | D:4      | Killed Robin
  7580 | D:5      | Reached skill level 4 in Ice Magic
  8477 | D:5      | Reached skill level 5 in Ice Magic
  8807 | D:6      | Reached XP level 8. HP: 25/52 MP: 1/14
  9093 | D:6      | Reached skill level 6 in Ice Magic
  9107 | D:6      | Reached skill level 1 in Fighting
  9974 | D:6      | Reached skill level 5 in Spellcasting
 10316 | D:7      | Noticed Duvessa
 10316 | D:7      | Noticed Dowan
 10362 | D:6      | Learned a level 3 spell: Summon Guardian Golem
 10366 | D:6      | Learned a level 3 spell: Frozen Ramparts
 10419 | D:7      | Killed Dowan
 10433 | D:7      | Killed Duvessa
 10433 | D:7      | Reached ** piety under Dithmenos
 10818 | D:7      | Noticed Prince Ribbit
 10878 | D:7      | Killed Prince Ribbit
 10879 | D:7      | Reached skill level 5 in Fighting
 10879 | D:7      | Reached XP level 9. HP: 39/69 MP: 5/18
 11040 | D:7      | Reached skill level 1 in Hexes
 11306 | D:7      | Found a white marble altar of Elyvilon.
 11661 | D:7      | Noticed Joseph
 12188 | D:8      | Identified 2 scrolls of acquirement
 12413 | D:8      | Noticed Gastronok
 12557 | D:8      | Found an ornate altar of the Wu Jian Council.
 12777 | D:3      | Bought a scroll labelled QOXAFRAISK for 18 gold pieces
 12777 | D:3      | Bought a golden potion for 16 gold pieces
 12799 | D:3      | Bought 2 blue potions for 45 gold pieces
 12799 | D:3      | Bought a scroll labelled QOXAFRAISK for 25 gold pieces
 12824 | D:3      | Bought a scroll of identify for 36 gold pieces
 12846 | D:3      | Bought a scroll labelled UTOMYKHL NEKH for 25 gold pieces
 12846 | D:3      | Bought a scroll labelled LEBARCHI JAREOMEH for 25 gold
                  | pieces
 12846 | D:3      | Bought a scroll labelled IFUIPS WIRAM for 25 gold pieces
 12849 | D:3      | Acquired the amulet "Muliat" {Acrobat Contam rF+ rN++
                  | Will+}
 12856 | D:3      | Acquired 1131 gold pieces
 12881 | D:3      | Bought a copper wand for 72 gold pieces
 12881 | D:3      | Bought a bloodstained dagger for 126 gold pieces
 12881 | D:3      | Identified the +2 dagger of Telukyseorr {vorpal, rN+ Dex-4
                  | SInv} (You bought it in a shop on level 3 of the Dungeon)
 12927 | D:2      | Bought a twisted short sword for 208 gold pieces
 12927 | D:2      | Identified the +7 short sword "Seol" {freeze, Stlth+} (You
                  | bought it in a shop on level 2 of the Dungeon)
 12970 | D:4      | Noticed Grinder
 12970 | D:4      | Grinder changed into Grinder the lemure
 12978 | D:4      | Killed Grinder the lemure
 12979 | D:4      | Reached skill level 5 in Hexes
 12990 | D:4      | Killed Pikel
 13102 | D:4      | Found a runed translucent door.
 13104 | D:4      | Noticed cbfl8's ghost (amateur MiMo)
 13625 | D:8      | Found a glowing golden altar of the Shining One.
 13853 | D:8      | Reached *** piety under Dithmenos
 13993 | D:8      | Reached XP level 10. HP: 44/76 MP: 11/19
 14147 | D:8      | Found a shimmering altar of Xom.
 14334 | D:9      | Reached skill level 5 in Dodging
 14346 | D:9      | Reached skill level 5 in Long Blades
 15039 | D:9      | Learned a level 3 spell: Ozocubu's Armour
 15098 | D:9      | Reached **** piety under Dithmenos
 15413 | D:10     | Entered Level 10 of the Dungeon
 15458 | D:10     | Noticed Fannar
 15853 | D:10     | Reached skill level 10 in Summonings
 15855 | D:10     | Identified the +9 morningstar of Disharmony {elec, Fragile
                  | rF+ Str+2}
 15925 | D:10     | Noticed Urug
 15931 | D:10     | Noticed Urug
 15931 | D:10     | Urug changed into Urug the fire crab
 15938 | D:10     | Killed Urug the fire crab
 16030 | D:10     | Noticed Josephine
 16496 | D:10     | Killed Josephine
 16737 | D:11     | Noticed Nergalle
 16945 | D:11     | Reached XP level 11. HP: 81/81 MP: 8/20
 16962 | D:11     | Killed Nergalle
 16963 | D:11     | Reached skill level 7 in Ice Magic
 17108 | D:11     | Noticed Sonja
 17113 | D:11     | Noticed Sonja
 17113 | D:11     | Sonja changed into Sonja the fire bat
 17118 | D:11     | Killed Sonja the fire bat
 17327 | D:11     | Noticed a cyclops
 17352 | D:11     | Killed a cyclops
 17353 | D:11     | Reached skill level 8 in Ice Magic
 17800 | D:11     | Found a staircase to the Lair.
 18003 | D:11     | Noticed a soul eater
 18006 | D:11     | Reached skill level 9 in Ice Magic
 18088 | D:11     | Identified the +1 scale mail of the Sea {Str+3}
 18184 | D:11     | Found a portal to a secret trove of treasure.
 19516 | D:12     | Found a staircase to the Orcish Mines.
 19522 | D:12     | Noticed a cyan ugly thing
 19623 | D:12     | Found Ydusa's Jewellery Emporium.
 20745 | D:7      | Killed Joseph
 21062 | D:8      | Killed Gastronok
 21063 | D:8      | Reached XP level 12. HP: 19/91 MP: 6/21
 21574 | D:12     | Noticed a two-headed ogre
 21589 | D:12     | Killed a two-headed ogre
 21604 | D:12     | Noticed a centaur warrior
 21615 | D:12     | Killed a centaur warrior
 21852 | D:12     | Noticed an ice dragon
 22005 | Lair:1   | Entered Level 1 of the Lair of Beasts
 22945 | Lair:1   | Found a runed translucent door.
 24222 | Lair:2   | Noticed a seven-headed hydra
 24239 | Lair:2   | Killed a seven-headed hydra
 24243 | Lair:2   | Gained mutation: You can hop long distances. [Barachi
                  | growth]
 24243 | Lair:2   | Reached XP level 13. HP: 49/101 MP: 0/24
 24510 | Lair:2   | Reached ***** piety under Dithmenos
 24740 | Lair:2   | Reached skill level 15 in Summonings
 25122 | Lair:2   | Learned a level 4 spell: Summon Lightning Spire
 25318 | Lair:3   | Reached skill level 1 in Air Magic
 25967 | Lair:3   | Found a staircase to the Shoals.
 26713 | Lair:4   | Identified the +5 spear of Tocehiv {chaos, Fragile rPois
                  | rF+ Str+5}
 27054 | Lair:4   | Reached skill level 10 in Fighting
 27352 | Lair:4   | Found a hole to the Spider Nest.
 27760 | Lair:5   | Found a staircase to the Slime Pits.
 28197 | Lair:5   | Found a sacrificial altar of Ru.
 28606 | Lair:5   | Learned a level 2 spell: Blink
 28610 | Lair:5   | Learned a level 3 spell: Swiftness
 29076 | Lair:6   | Entered Level 6 of the Lair of Beasts
 29480 | Lair:6   | Reached skill level 5 in Air Magic
 29511 | Lair:6   | Found a frozen archway.
 29584 | IceCv    | Entered an ice cave
 30915 | IceCv    | Found an ancient bone altar of Kikubaaqudgha.
 31053 | IceCv    | Reached skill level 1 in Evocations
 31053 | IceCv    | Reached XP level 14. HP: 115/115 MP: 18/27
 31155 | IceCv    | - man ice caves get tough these days
 31561 | IceCv    | Reached skill level 1 in Translocations
 32074 | IceCv    | Got the Papyrus of Snow and Darkness
 32257 | IceCv    | Reached ****** piety under Dithmenos
 33516 | Lair:6   | Reached skill level 5 in Evocations
 33633 | Lair:6   | Reached skill level 5 in Translocations
 34614 | Orc:1    | Entered Level 1 of the Orcish Mines
 34701 | Orc:1    | Noticed an orc warlord
 34758 | Orc:1    | Killed an orc warlord
 34938 | Orc:2    | Entered Level 2 of the Orcish Mines
 36116 | Orc:2    | Found Kepufyga's General Store.
 36116 | Orc:2    | Found Ugreus's Magic Scroll Shop.
 36116 | Orc:2    | Found Noozoust's Assorted Antiques.
 36249 | Orc:1    | Found a burning altar of Makhleb.
 36583 | Orc:2    | Found Wifyqair's Assorted Antiques.
 37095 | Orc:2    | Found a staircase to the Elven Halls.
 37120 | Orc:2    | Found Udghonic's Jewellery Shoppe.
 37326 | Orc:2    | Bought a fizzy ruby potion for 23 gold pieces
 37326 | Orc:2    | Bought a scroll labelled LUURI JICVETI for 26 gold pieces
 37326 | Orc:2    | Bought a scroll labelled PUALUH OHARETE for 26 gold pieces
 37327 | Orc:2    | Bought a scroll of identify for 30 gold pieces
 37400 | Orc:2    | Bought a scroll of blinking for 112 gold pieces
 37400 | Orc:2    | Bought a scroll of teleportation for 45 gold pieces
 37402 | Orc:2    | Bought a potion of curing for 51 gold pieces
 37403 | Orc:2    | Bought a potion of curing for 57 gold pieces
 37482 | D:13     | Noticed Nessos
 37482 | D:13     | Noticed Snorg
 37483 | D:13     | - well this is pretty to come downstair to
 37576 | D:13     | Found a gate to the Vaults.
 37594 | D:13     | Reached skill level 10 in Ice Magic
 37835 | D:13     | Found a flagged portal.
 37909 | Bailey   | Entered a bailey
 37920 | Bailey   | - is this the star chamber
 38454 | Bailey   | Identified the +7 kite shield "Hikoaf" {Rampage Will+
                  | Slay+2}
 38693 | D:13     | Reached XP level 15. HP: 116/123 MP: 11/28
 39514 | D:13     | Reached skill level 11 in Ice Magic
 40359 | Spider:1 | Entered Level 1 of the Spider Nest
 40426 | Spider:1 | - well that switched up quickly
 41438 | D:13     | Killed Snorg
 41781 | D:13     | Noticed Nessos
 41781 | D:13     | Nessos changed into Nessos the cane toad
 41787 | D:13     | Killed Nessos the cane toad
 41944 | Orc:2    | Bought a scroll of blinking for 112 gold pieces
 41946 | Orc:2    | Bought a scroll of teleportation for 51 gold pieces
 41946 | Orc:2    | Bought a scroll of fear for 59 gold pieces
 42075 | Shoals:1 | Entered Level 1 of the Shoals
 42098 | Shoals:1 | Reached skill level 12 in Ice Magic
 42221 | Shoals:1 | Noticed Nikola
 42222 | Shoals:1 | - oh just great
 44362 | Spider:2 | Noticed Donald
 44373 | Spider:2 | Reached skill level 15 in Fighting
 44376 | Spider:2 | Killed Donald
 45062 | Spider:2 | - man i'd like a book of beasts
 45326 | Spider:2 | Noticed Louise
 46406 | Spider:2 | Reached XP level 16. HP: 50/136 MP: 11/29
 46410 | Spider:2 | Reached skill level 10 in Hexes
 47101 | Spider:3 | Reached skill level 10 in Spellcasting
 47570 | Spider:1 | Learned a level 6 spell: Invisibility
 48028 | Spider:3 | - i smell azrael
 48037 | Spider:3 | Noticed Azrael
 48054 | Spider:3 | Killed Azrael
 48671 | Spider:3 | Noticed Kirke
 48692 | Spider:3 | Killed Kirke
 50379 | Spider:4 | Entered Level 4 of the Spider Nest
 50539 | Spider:4 | - and all this time I thought I was still on the stair
 50539 | Spider:4 | - that changes things
 50542 | Spider:4 | - is there a flippin ghost moth here too
 50543 | Spider:4 | - not quite what I look for in a teleport
 50551 | Spider:3 | - phew
 50737 | Spider:3 | Learned a level 8 spell: Summon Horrible Things
 52928 | Spider:4 | - after all that this is some ridiculous nonsense
 54139 | Spider:4 | Reached XP level 17. HP: 69/142 MP: 0/33
 55740 | Spider:4 | Got a gossamer rune of Zot
 55823 | Spider:4 | Identified the +0 scimitar of Blood {pain, rElec Will+++
                  | Str+4 Dex-4}
 55925 | Spider:3 | Found the +1 cloak of Starlight {*Dazzle EV+4 Stlth--}
 56165 | Spider:1 | - well this will be a stupid finish
 56196 | Spider:1 | - damn that was a cock-up
 57693 | D:15     | Entered Level 15 of the Dungeon
 57777 | D:15     | Found an opulent altar of Gozag.
 57947 | D:15     | Reached skill level 1 in Shields
 59393 | D:12     | Acquired the ring of the Lily {Int+6 Dex+2}
 59596 | D:10     | Killed Fannar
 59597 | D:10     | - finally
 59865 | D:12     | Identified the +1 robe of the Beekeeper {Int+7}
 60274 | D:12     | Got Sif Muna's Papyrus of Mutagenic Feathers
 60484 | Shoals:1 | Killed Nikola
 61101 | Shoals:1 | Noticed a kraken
 61913 | Shoals:2 | Reached skill level 5 in Shields
 63725 | D:13     | Learned a level 6 spell: Shadow Creatures
 63727 | D:13     | Acquired Great Wizards, Vol. VII
 63831 | Orc:2    | Bought a shiny agate ring for 95 gold pieces
 63833 | Orc:2    | Bought a potion of heal wounds for 130 gold pieces
 64585 | Shoals:3 | Found Erphoij's Self-Improvement Boutique.
 64651 | Shoals:2 | Reached XP level 18. HP: 115/149 MP: 32/34
 65274 | Shoals:3 | Found Guerhin's Antique Armour Boutique.
 66212 | Shoals:4 | Entered Level 4 of the Shoals
 67121 | Shoals:4 | Reached skill level 1 in Short Blades
 67460 | Shoals:4 | Reached skill level 1 in Invocations
 67951 | Shoals:4 | Got a barnacled rune of Zot
 68123 | Shoals:4 | Got the Almanac of Heat and the Glacier
 68738 | Shoals:4 | Noticed Polyphemus
 69426 | Lair:1   | Identified the -5 hat of Claustrophobia {Will+ Str+2}
 69428 | Lair:1   | Found a runed translucent gate.
 69428 | Lair:1   | Found a runed translucent gate.
 69428 | Lair:1   | Found a runed translucent gate.
 69428 | Lair:1   | Found a runed translucent gate.
 69429 | Lair:1   | Found a runed translucent gate.
 69431 | Lair:1   | Found a runed translucent gate.
 69471 | Lair:1   | Identified the ring of Accord {Wiz Dex+5}
 69729 | D:13     | Acquired 689 gold pieces
 69870 | D:15     | Found a staircase to the Depths.
 70039 | Vaults:1 | Entered Level 1 of the Vaults
 70675 | Vaults:1 | Reached skill level 5 in Invocations
 71651 | Vaults:1 | Reached skill level 10 in Long Blades
 72568 | Vaults:1 | Identified the ring "Ylaal" {MP-9 Str+6 Int+4}
 72571 | Vaults:1 | Reached XP level 19. HP: 36/155 MP: 11/35
 73050 | Vaults:1 | Found the +8 storm bow {elec, penet}
 73281 | D:13     | Learned a level 4 spell: Summon Ice Beast
 73449 | Vaults:2 | Found a staircase to the Crypt.
 73449 | Vaults:2 | Found a basalt altar of Yredelemnul.
 73449 | Vaults:2 | Found an ancient bone altar of Kikubaaqudgha.
 75443 | Vaults:2 | Found a runed translucent door.
 75443 | Vaults:2 | Noticed Monur's ghost (adept GrHu)
 75651 | Vaults:2 | Identified the +9 arbalest of Law {vorpal, rElec rF+ Str-2}
 77328 | Vaults:3 | You fall into a shaft and drop 1 floor!
 77512 | Vaults:4 | Reached skill level 13 in Ice Magic
 78350 | Vaults:4 | Found a huge runed gate.
 78350 | Vaults:4 | Found a huge runed gate.
 78350 | Vaults:4 | Found a huge runed gate.
 78350 | Vaults:4 | Found a huge runed gate.
 78350 | Vaults:4 | Found a huge runed gate.
 78350 | Vaults:4 | Found a huge runed gate.
 78350 | Vaults:4 | Found a huge runed gate.
 78351 | Vaults:4 | Found a huge runed gate.
 78351 | Vaults:4 | Found a huge runed gate.
 78351 | Vaults:4 | Found a huge runed gate.
 78351 | Vaults:4 | Found a huge runed gate.
 78351 | Vaults:4 | Found a huge runed gate.
 78351 | Vaults:4 | Found a huge runed gate.
 78352 | Vaults:4 | Found a huge runed gate.
 78353 | Vaults:4 | Found a huge runed gate.
 78354 | Vaults:4 | Found a huge runed gate.
 78355 | Vaults:4 | Found a huge runed gate.
 78364 | Vaults:4 | Found a huge runed gate.
 78364 | Vaults:4 | Found a huge runed gate.
 78364 | Vaults:4 | Found a huge runed gate.
 78364 | Vaults:4 | Found a huge runed gate.
 78364 | Vaults:4 | Found a huge runed gate.
 78364 | Vaults:4 | Found a huge runed gate.
 78364 | Vaults:4 | Found a huge runed gate.
 78364 | Vaults:4 | Found a huge runed gate.
 78365 | Vaults:4 | Found a huge runed gate.
 78375 | Vaults:4 | Found a huge runed gate.
 78375 | Vaults:4 | Found a huge runed gate.
 78375 | Vaults:4 | Found a huge runed gate.
 78375 | Vaults:4 | Found a huge runed gate.
 78375 | Vaults:4 | Found a huge runed gate.
 78375 | Vaults:4 | Found a huge runed gate.
 78375 | Vaults:4 | Found a huge runed gate.
 78376 | Vaults:4 | Found a huge runed gate.
 78377 | Vaults:4 | Found a huge runed gate.
 78386 | Vaults:4 | Found a huge runed gate.
 79995 | Vaults:3 | Noticed Sojobo
 80819 | Vaults:3 | Reached skill level 14 in Ice Magic
 81616 | Vaults:3 | Reached XP level 20. HP: 134/162 MP: 15/37
 81666 | Vaults:3 | Reached skill level 5 in Stealth
 81669 | Vaults:3 | Paralysed by an air elemental for 1 turns
 81673 | Vaults:3 | Killed Sojobo
 82460 | Vaults:4 | Found Taurack's Antique Armour Shoppe.
 82489 | Vaults:4 | Reached skill level 15 in Ice Magic
 84031 | D:13     | Acquired 786 gold pieces
 84136 | Orc:2    | Bought a scroll of acquirement for 780 gold pieces
 84138 | Orc:2    | Acquired a book of Beasts
 84143 | Orc:2    | Bought a scroll of fear for 91 gold pieces
 84143 | Orc:2    | Bought a runed helmet for 195 gold pieces
 84458 | Vaults:4 | Bought a pair of glowing boots for 187 gold pieces
 84472 | Vaults:4 | Bought a sheer robe for 142 gold pieces
 84472 | Vaults:4 | Identified the +1 robe of Rotation {Drain Fly rF- Int+4}
                  | (You bought it in a shop on level 4 of the Vaults)
 84810 | Elf:1    | Entered Level 1 of the Elven Halls
 84846 | Elf:1    | Identified Roxanne's Volume of Earth
 84846 | Elf:1    | Noticed Roxanne
 84904 | Elf:1    | Reached skill level 1 in Armour
 85601 | Elf:1    | Found Mir Hamuqid's Book Emporium.
 86835 | Elf:1    | Found a runed translucent gate.
 86835 | Elf:1    | Found a runed translucent gate.
 86835 | Elf:1    | Found a runed translucent gate.
 86835 | Elf:1    | Found a runed translucent gate.
 86836 | Elf:1    | Found a runed translucent gate.
 86836 | Elf:1    | Found a runed translucent gate.
 86999 | Elf:2    | Reached skill level 15 in Spellcasting
 87358 | Elf:1    | Reached skill level 10 in Shields
 87512 | Elf:2    | Reached skill level 5 in Armour
 88544 | Elf:2    | Found Wuezxeth's Assorted Antiques.
 88916 | Elf:3    | Entered Level 3 of the Elven Halls
 89663 | Elf:3    | Found Xuniurr's General Store.
 89664 | Elf:3    | Found Diockygu's Jewellery Shoppe.
 89664 | Elf:3    | Found Suticac's Distillery.
 89669 | Elf:3    | Found Syzuuhar's Magic Scroll Emporium.
 89682 | Elf:3    | Bought a scroll of teleportation for 51 gold pieces
 89682 | Elf:3    | Bought a scroll of teleportation for 51 gold pieces
 89682 | Elf:3    | Bought a scroll of silence for 127 gold pieces
 90068 | Elf:3    | Found Ankax's Antique Armour Boutique.
 90895 | Elf:3    | Bought a pair of runed gloves for 270 gold pieces
 90915 | Elf:3    | Learned a level 5 spell: Summon Mana Viper
 91031 | Elf:3    | Noticed a Tzitzimitl
 91289 | Elf:3    | Reached XP level 21. HP: 133/168 MP: 26/40
 91616 | Elf:3    | Identified the +8 war axe "Beetleslayer" {venom, rF+ rN+
                  | Will-}
 91616 | Elf:3    | Identified the ring "Hamy" {Ice Str+2}
 92128 | Elf:3    | Identified the +3 long sword of Tumult {venom, rN+ Str+3
                  | Dex-4}
 92128 | Elf:3    | Identified the ring "Umuss" {Fly rC- rCorr MP+9 Dex+8}
 93436 | Elf:3    | Found the +3 pair of seven-league boots {Rampage+∞}
 93570 | Elf:3    | Identified the +7 morningstar "Qiot" {venom, rCorr Str+4
                  | Int+2 Dex+2}
 94210 | Elf:3    | Got the Catalogue of Ensnaring Attacks
 94278 | Elf:3    | Got the Volume of the Cloudy Mountains
 94354 | Elf:3    | Bought a scroll of teleportation for 51 gold pieces
 94407 | Elf:3    | Bought a shimmering robe for 205 gold pieces
 94407 | Elf:3    | Identified the +1 robe of the Game of Life {rElec Will+
                  | Int+5} (You bought it in a shop on level 3 of the Elven
                  | Halls)
 94407 | Elf:3    | Bought a runed cloak for 270 gold pieces
 94471 | Elf:3    | Bought a potion of heal wounds for 65 gold pieces
 94471 | Elf:3    | Bought a potion of curing for 39 gold pieces
 94471 | Elf:3    | Bought a potion of heal wounds for 65 gold pieces
 94471 | Elf:3    | Bought a potion of curing for 39 gold pieces
 94613 | Orc:2    | Bought a scroll of enchant weapon for 112 gold pieces
 94613 | Orc:2    | Bought a scroll of enchant weapon for 112 gold pieces
 94613 | Orc:2    | Bought a scroll of blinking for 112 gold pieces
 94760 | Elf:3    | Bought a wand of paralysis (4) for 66 gold pieces
 95008 | D:13     | Learned a level 7 spell: Ozocubu's Refrigeration
 95220 | Elf:2    | Got the Papyrus of Flamy Stones
 95242 | Elf:2    | Bought a wand of paralysis (8) for 58 gold pieces
 95505 | Elf:2    | Found a runed translucent door.
 95531 | Elf:2    | Found a runed translucent door.
 95978 | Depths:1 | Entered Level 1 of the Depths
 96108 | Depths:1 | Found a one-way gate leading to the halls of Pandemonium.
 96186 | Depths:1 | Found a sparkling altar of Nemelex Xobeh.
 96261 | Depths:1 | Reached skill level 16 in Ice Magic
 96578 | Depths:1 | Found a transporter.
 97000 | Depths:1 | Found a gateway to Hell.
 98146 | Depths:1 | Found a transporter.
 98808 | Depths:1 | Found a hide-covered altar of Uskayaw.
 99040 | Depths:2 | Found a stormy altar of Qazlal.
 99674 | Depths:2 | - well this is a pickle
 99684 | Depths:2 | Reached skill level 17 in Ice Magic
100113 | Depths:2 | Noticed a golden dragon
100144 | Depths:2 | Killed a golden dragon
100503 | Depths:2 | Identified the +6 quarterstaff of Suicidal Tendencies
                  | {freeze, Str+4}
100742 | Depths:2 | Reached XP level 22. HP: 173/175 MP: 35/41
103356 | Depths:2 | Reached skill level 15 in Hexes
103714 | Depths:2 | Reached skill level 18 in Ice Magic
104644 | Depths:4 | Noticed a golden dragon
104941 | Depths:3 | - goddam i am gettin hammered
106148 | Depths:2 | Reached skill level 19 in Ice Magic
107572 | Depths:3 | Found a one-way gate to the infinite horrors of the Abyss.
107690 | Depths:3 | Gained mutation: You are dopey. (Int -2) [a cacodemon]
108305 | Depths:4 | Learned a level 7 spell: Malign Gateway
108502 | Depths:4 | Killed a golden dragon
108919 | Depths:4 | - how have I not found a single wand of acid
109246 | Depths:4 | Reached XP level 23. HP: 136/181 MP: 37/43
109261 | Depths:4 | Reached skill level 20 in Ice Magic
109862 | Depths:5 | Entered Level 5 of the Depths
109916 | Depths:5 | Noticed a juggernaut
109935 | Depths:5 | Killed a juggernaut
110105 | Depths:5 | Found a gateway to a ziggurat.
110155 | Depths:5 | Found a glowing silver altar of Zin.
110901 | Depths:5 | Found a gate to the Realm of Zot.
110955 | Depths:5 | - ugh two of these dips
110969 | Depths:4 | - a little too close for comfort
112516 | Depths:5 | Identified the +3 pair of gloves "Tybopn" {+Inv rF+ Int+4}
112587 | Depths:4 | Identified the +0 pair of gloves of the Devil's Team {rElec
                  | rN+++ Str-5 Int+3}
112642 | Depths:2 | Identified the +1 ring mail of Nyshryax {rF+ Str+4}
113091 | D:13     | Learned a level 9 spell: Polar Vortex
113268 | Elf:3    | Bought a potion of cancellation for 104 gold pieces
113268 | Elf:3    | Bought a potion of resistance for 130 gold pieces
113268 | Elf:3    | Bought 2 potions of haste for 260 gold pieces
113268 | Elf:3    | Bought a potion of resistance for 130 gold pieces
113282 | Elf:2    | Bought 2 scrolls of fear for 203 gold pieces
113615 | Shoals:3 | Bought a manual of Armour for 1200 gold pieces
114593 | Vaults:5 | Entered Level 5 of the Vaults
114597 | Vaults:5 | Reached skill level 21 in Ice Magic
114598 | Vaults:5 | Noticed a golden dragon
114615 | Vaults:4 | Killed a golden dragon
114990 | Vaults:5 | Noticed a golden dragon
114995 | Vaults:5 | - oh dagagaodit marked agagin
114996 | Vaults:5 | - wow this is goin astray pretty quick
115053 | Vaults:5 | - this is not looking good
115157 | Vaults:5 | - whew
115655 | Vaults:5 | Killed a golden dragon
115750 | Vaults:5 | HP: 8/183 [quicksilver dragon/bolt of dispelling energy
                  | (23)]
115751 | Vaults:5 | - man the quicksilver bolts
117001 | Vaults:5 | - healed up at last
117072 | Vaults:5 | Got a silver rune of Zot
117090 | Vaults:5 | Reached XP level 24. HP: 192/193 MP: 40/43
117558 | Vaults:5 | Killed from afar by an iron dragon

Illustrated notes ..###.....# #........## #........8### #.........(.# ..## ..........).# #...# .#.......#### ###..Z. ####...### ....Z# ####..## ### .8...# ##..#### ###.## ....# #...#..#####....##### .^^# ###.....#....##.@h#.##.^.# #####....######.......# ###### ##.##.### ###### Turn 31155 on IceCv: - man ice caves get tough these days ###.###### #........# #........# #........# ###...?T...# ....:......# #........# #........# #.....@..# #........# #........# #.......c# ########## Turn 37483 on D:13: - well this is pretty to come downstair to ### ####∩# ####..∩## ##...#### ##.######## #.........# ##≈@≈≈≈≈≈.# #####..≈.# .≈.# ≈.# .# # Turn 37920 on Bailey: - is this the star chamber # ##..## ###....## ##......# #....# ........## .....## .........# ##......## .........## ###........# ..........####........... .........#...#........... ........######........s.. ........# #.5.......y. ..)....## #..@5.....s. .......#### #....*○○○○s. #......##.# ##...5...s.°. ###...###.###..........s. #...<...##........###.. ##.#####........### . ### ##..###### #.## ### Turn 40426 on Spider:1: - well that switched up quickly .. .≈≈≈≈≈≈....# .... ..≈≈≈≈≈≈≈≈≈. #.. #..≈≈≈≈≈≈≈≈≈ #..##....≈≈.≈≈≈≈ ≈≈.....###.......≈≈≈≈≈≈≈ ≈≈≈....#......≈≈≈≈≈≈≈≈≈≈ ≈≈≈≈..........≈≈.≈≈≈≈≈≈. ≈≈≈≈≈≈≈............≈≈≈≈≈ ≈≈≈≈≈≈≈..≈.....@.≈≈≈≈≈≈≈ ≈≈≈≈≈≈≈@≈≈.##....≈≈≈≈≈≈≈ ≈≈≈≈≈≈≈≈≈≈##†.≈≈≈≈≈≈≈≈≈≈ ≈≈≈≈≈≈≈≈≈≈...≈(≈≈≈≈≈≈≈≈≈ ≈≈≈≈≈≈≈≈≈≈)≈≈≈≈≈≈≈≈≈≈≈≈≈ ≈≈≈≈≈≈≈≈≈≈≈≈≈≈≈≈≈≈≈≈≈≈≈≈ ≈≈≈≈≈≈≈≈≈≈≈≈≈≈≈≈≈≈≈≈≈≈≈≈ ≈≈≈≈≈≈≈≈≈≈≈≈≈≈≈≈≈≈≈≈≈≈≈≈ ######################## Turn 42222 on Shoals:1: - oh just great #..#?.....#....## ##...<..... #...#.....#...^# #......... #...#......#.#### #.(..(.... #...###...###...######....... #†### ####......#...^..(..... #(# #.......#.......(..... #.# #.^##^...............# #^######..###.......<)<...... #............................ ##.#######...###..#...^...... #.# ###.#@######..##.?.... #.# ###...^.....#### ...s.# #.# #....^........# ##.s.. #.##....###...#..... s... #..#...# #...## .... .$.. ##..?^. #$§.# ... ..s ...# #.ZZ# .. #.. ##.## . . #Z# #.# #.. Turn 45062 on Spider:2: - man i'd like a book of beasts #......## ##...†..## #........##### #....##......##### #....#^.......##.^ #....##....#...... #.....#....##..... #.....##..####..## #§§§...#### #### #§§hh...^# #@§8s...^## . #####>....# .. #.....s...# ... #.........# ##.. #..........# ### #...........# #....s......# #..........## #.......#### #..ss.... Turn 48028 on Spider:3: - i smell azrael #++ #.^## #.^≈# #§@# #ss# ss.§s #..(.°# #≈..### #### Turn 50539 on Spider:4: - and all this time I thought I was still on the stair #++ #.^## #.^≈# #s@# #ss# †s°☼§ #..(..# #≈..### #### Turn 50542 on Spider:4: - is there a flippin ghost moth here too ^ #++# .. #.^## ... ####.^≈# .. ..;#≈≈ #§○# ..$ sss.##s≈##ss^≈ ≈≈†ss☼§.ss. #.s(.s# #≈@.### ##### Turn 50543 on Spider:4: - not quite what I look for in a teleport ### ### ##.. ##.######... ##.......##.. #^........... ### ##........... ##.########.......# #...#..###.......## #^.......##.....## #.....#...#...#^.## ##@...#...#####...# #### ##....^##....#.....# #..# #.......#.......#.## #..# #...<...##......#### #.>## ##.#....####.......# #...### ####....##.^......# #.....# ##....##.#....## #.....# ###...####..## #.....# #....###### #.....## ##...^## #......## ##....# Turn 50551 on Spider:3: - phew ##..##†..#..^.....###.^#......... ##.....^..†(..#....#.^.......#..# .###.^#....#....#...#......#..#.. .# #..^#.........#...#.......(... ## #####.#†..........##<........^ # ##....#...#.#.....#.#....# #.†...(......##.......#### #^.##....#...^.^.#...## #...^......^..........# #..^.^....sh......^.^.## #..^.......@..^.####### ####.........#### ####+++#### #... #... #s.). .≈##;. ≈.≈ #≈. #≈. ... ## ..? Turn 52928 on Spider:4: - after all that this is some ridiculous nonsense

..........#.###..## #^# ##.#.##
#.##########.##### ##.# ######
##.## ####...###≈ ###.## ###...
##.###.....###≈≈###...#####.....
##.......### ;.≈≈###...##......
#........#≈≈ ..≈≈≈ #...........
#.......##≈≈≈ ..≈###...........
###.......##;.. ...≈##...........
.##.......#≈≈≈. #§;≈##...##......
.#........##≈;^##y§≈≈#...##......
.#........###≈X§@§≈≈##...##.#†...
.##.###....##≈§XX§≈##....#.###...
.##.##..##.###h§§≈###.....## ##..
####...###..###..###......# ##. #
##.## #...##..##...###.## #..
######...##..#....# ##.# ###. ##
###..#...###.##....## #.###..#
.###........# #........####.#.###
##..........# ##........###..###
##.........## ##.......##.....##
#..........## ##.................


Turn 56165 on Spider:1: - well this will be a stupid finish ..........#.###..##
#^# ##.#.## #.##########.##### ##.# ###### ##.## ####...###≈ ###.## ###...
##.###.....###≈≈###...#####..... ##.......### ;.≈≈###...##...... #........#≈≈
..≈≈≈ #........... #.......##≈≈≈ ..≈###........... ###.......##≈..
...†##........... .##.......#≈≈≈. #.≈≈##...##......
.#........##≈≈^##..≈≈#...##...... .#........###≈(†@§≈≈##...##.#†...
.##.###....##≈†...≈##....#.###... .##.##..##.###≈..≈###.....## ##..
####...###..###..###......# ##. # ##.## #...##..##...###.## #..
######...##..#....# ##.# ###. ## ###..#...###.##....## #.###..# .###........#
#........####.#.### ##..........# ##........###..### ##.........##
##.......##.....## #..........## ##................. Turn 56196 on Spider:1: -
damn that was a cock-up #..##.# #........ ##.##.## ###########.....)..
#.##..#### #..........#....... #<###....# #.................. #..#####.#
#.................. ##.## #.## #.................. #..#
#..#######...####......)) ##.# ##....###..#.# #........ #.# ####.....#X)#
##....(). #.## ####XX#X## ##...)). #..# #.@X#.# ###.### ##.## ###.#X#.# #..#
#.)######...#XX.########.#### ##.##.....####)>............. #.)..#####
##.########.#### ####(###### #.# #.# #.........# #.# #.# ###.........# ####.###
#.# .....(..$...# #...Y..# #.# .##..eW.....# #......# ##.# .##..(......#
#..[...# ##..# Turn 59597 on D:10: - finally .# ##....#.#####...# .####.###
.###.....### ##...# ......... ...##.....# #..... #.....< .<..#....## # #....
##..... .......#..###.#C... ###... .#...###.###......# ###. ###### ####.......#
## #.## #C.# ####C## ##.#@.# ###...### #...(..# #....### ##...## ###....# ####
##.....## ##..###.....## #...##.....## ....#..(.### ..........# Turn 99674 on
Depths:2: - well this is a pickle ..SC...[ #>.........># ........ ######'######
)....... #.........# [# ##.#.).#.## <# #.......# .# ##.....## ). #.....# ...
##...## .... #...# ..... ##.## ...... #@# ......: ### ....##.. Turn 104941 on
Depths:3: - goddam i am gettin hammered ## #################)#
................@.# .... #################D# ...... u# #.#..#.# # u# #.#..#.# ..
uu #.#..#.# ... u. #.#..#.# .......#.#..#.# .....#.#..#.# .<.#.#..#.# ##########
####.#.#.#.##.####.# .......... (.........<.......># Turn 108919 on Depths:4: -
how have I not found a single wand of acid ...... #d##......## [.... #.!........
..^.# .......... ....# ## #....≈≈≈ ....# #. ##..≈≈∩# ....## ... #'#####..D
#..≈### ....#. ...# #≈i≈†?##.. ..#.(≈# ....#..8..#..#≈D≈#°.#..♣..##.≈# ....# ...
##.'.i≈#°°#...[ #..≈# ...## #....#####)#..#...###..≈### ...#
##.#......i@#..#...##...≈≈## ...###.#[###....##.###...###..≈≈≈
..###...#..######..#..#...##..... ..# #...#.[#.......#..#..###...[.
.####.##)##.......#.##.##.#...... .....#..#......⌠...#..#..........
...)..).#...#)...##...#..)....... †........#.#.....###...#.........
.......##........###............# ....D..###<.....###.............#
........##......# #.............# Turn 110955 on Depths:5: - ugh two of these
dips #..######.# #..# #.# #..# #.# #..# #.# #..# #.# #..# #.# #..# #.#########
#..######.##......######### #..................^.......
#...#####.##.............## #i§.......@................
#.#######.##............... #.# #.##......#.#...... #.# #.##......#.#......
#.#######.##......#'#...... #.#.......##......(...#....
#.#<..######.[........##... #.#.#.# #.?........##.## #.#.#.# #..........##.#
#.#.#.# #..........##.## #.#.#.# ####..........##... Turn 110969 on Depths:4: -
a little too close for comfort **,,*,,,,*,*,*,,,*,*,*,*,*,*,*,*,
,*,,*,,,,*,*,*,#.#,*,*,,,*,*,*,*, ,*,,*,,,,*,*,,,#.#,*,,,*,*,*,*,,,
**,,*,,,,*,*,*,..#,,,*,*,,,*,,,*, ,,,,*,,,,*,*,*,#.#,*,*,*,*,*,*,*,
,,,,*,,,,*,*,*,#.C,*,*,,,*,*,*,*, **,,*,,,,*,*,*,#.#,*,*,*,*,*,*,,,
,*,,*,,,,*,*,,,#§#,,,*,*,*,,,*,*, ,*,,*,,,,*,*,*,#C#,*,*,,,*,*,*,*,
**,,*,,,,*,*,*,#D#,*,*,*,*,*,*^*, ,,,,*,,,,*,*,*,#@#,*,,,*,*,*,*,*,
,,,,#....#,*,*,#Dp.#,*,*,*,,,,,*, *#,,#....#,*,*,#l#W#,*,,,*,*,*,,,
,#.,#....#,*,*,Dp#§#,*,*,*,*,*,*, ,#.,#....#,*,*,#W#,.,*,*,,,*,*,,,
##..#....#,#,,,#.#,#.*,*,*,*,*,*, ...X#....#.#,#,#..,*..,*,*,*,,,*,
........§#.#.#,#.#,*,#}*,*,*,*,*, ....)p§§§....#,#.#,*,*.#,*,,,*,*,
###..XX§)..#####***************** ....Du<
